 Dungeon Crawl Stone Soup version 0.31-a0-1074-g0b22e4e0f1 (webtiles) character file.

Game seed: 7567976502025914245

77 pascalblue the Conjurer (level 4, 0/24 HPs)
             Began as a Deep Elf Conjurer on Nov 27, 2023.
             Slain by an iguana (13 damage)
             ... on level 3 of the Dungeon.
             The game lasted 00:05:26 (2243 turns).

pascalblue the Conjurer (Deep Elf Conjurer)         Turns: 2243, Time: 00:05:27

Health: 0/24       AC:  2    Str:  4    XL:     4   Next: 13%
Magic:  7/12       EV: 12    Int: 25    God:
Gold:   88         SH:  0    Dex: 13    Spells: 8/11 levels left

rFire   . . .        q - +6 rapier of Conflict {flame, rElec rPois SInv}
rCold   . . .        (no shield)
rNeg    . . .        a - +0 robe
rPois   +            (no helmet)
rElec   +            (no cloak)
rCorr   .            (no gloves)
SInv    +            (no boots)
Will    .....        (no amulet)
Stlth   ++           (no ring)
HPRegen 0.24/turn    (no ring)
MPRegen 0.13/turn

%: no passive effects
@: no status effects
A: no striking features
a: no special abilities


You were on level 3 of the Dungeon.
You visited 1 branch of the dungeon, and saw 3 of its levels.

You collected 88 gold pieces.

Inventory:

Hand Weapons
 e - a +0 short sword
 k - a +2 dagger of holy wrath
 q - the +6 rapier of Conflict (weapon) {flame, rElec rPois SInv}
   (You found it on level 2 of the Dungeon)

   rElec:     It insulates you from electricity.
   rPois:     It protects you from poison SInv: It lets you see invisible.
Armour
 a - a +0 robe (worn)
Scrolls
 c - 2 scrolls of vulnerability {unknown}
 h - 5 scrolls of identify {unknown}
 i - 2 scrolls of fear {unknown}
 o - a scroll of brand weapon {unknown}
 p - a scroll of teleportation {unknown}
 r - a scroll of noise {unknown}
Potions
 b - 2 potions of magic
 d - a potion of berserk rage {unknown}
 f - 3 potions of curing {unknown}
 g - a potion of ambrosia {unknown}
 j - a potion of degeneration {unknown}
 l - a potion of resistance {unknown}
 m - 2 potions of might {unknown}
 n - a potion of mutation {unknown}


   Skills:
 - Level 2.4 Dodging
 - Level 2.4 Stealth
 + Level 4.2 Spellcasting
 * Level 5.7 Conjurations


You had 8 spell levels left.
You knew the following spells:

 Your Spells              Type           Power      Damage    Failure   Level
a - Magic Dart            Conj           100%       1d8       1%          1
b - Searing Ray           Conj           68%        2d6       1%          2

Your spell library contained the following spells:

 Spells                   Type           Power      Damage    Failure   Level
 Sandblast                Erth           10%        2d5       9%          1
 Dazzling Flash           Conj/Hex       38%        N/A       9%          3
 Stone Arrow              Conj/Erth      38%        3d9       9%          3
 Passwall                 Tmut/Erth      4%         N/A       14%         2
 Brom's Barrelling Bould  Conj/Erth      19%        2d4       26%         4
 Fulminant Prism          Conj/Hex       9%         3d6       26%         4
 Iskenderun's Mystic Bla  Conj/Tloc      19%        2d6       26%         4


Dungeon Overview and Level Annotations

Branches:
Dungeon (3/15)

Altars:


Message History

The magic dart hits the endoplasm.
You kill the endoplasm!
Magic restored.
Found 7 stones.
An iguana comes into view.
Casting: Magic Dart (safe; 1% risk of failure)
Confirm with . or Enter, or press ? or * to list all spells.
Aiming: Magic Dart (safe; 1% risk of failure)
Press: ? - help, Shift-Dir - straight line, f - iguana
Aim: an iguana (asleep, 100% to hit)
The magic dart hits the iguana.
The iguana is moderately wounded.
The iguana hisses angrily.
This spell is astonishingly dangerous to cast!
You start memorising the spell.
You continue memorising. x3
The iguana barely misses you.
You continue memorising.
The iguana bites you but does no damage.
Your memorisation is interrupted.
Okay, then.
Casting: Magic Dart (safe; 1% risk of failure)
Confirm with . or Enter, or press ? or * to list all spells.
Aiming: Searing Ray (safe; 1% risk of failure)
Press: ? - help, Shift-Dir - straight line, f/p - iguana
Aim: an iguana (moderately wounded, 83% to hit)
The searing ray hits the iguana!
The iguana is heavily wounded. (Press . to maintain the ray.)
The iguana bites you.
The searing ray misses the iguana.
The iguana completely misses you.
The searing ray hits the iguana but does no damage.
The iguana is heavily wounded.
The iguana closely misses you.
The searing ray hits the iguana.
The iguana is severely wounded.
You finish channelling your searing ray.
The iguana bites you! The iguana bites you!
Ouch! That really hurt!
You die...

........
#.......
#.......
+.....(.
###...... ...
#....# .#....
##..l.##.#....
#..@..........
####..........
###........#
#..........#
#....<.....#
#..........#
#..........#
#.>........#
#.............


You could see an iguana.

Vanquished Creatures
  An adder (D:2)
  A worm (D:2)
  2 dart slugs
  8 endoplasms
  3 giant cockroaches (D:1)
  4 goblins
  7 hobgoblins
  4 jackals (D:2)
  6 kobolds
  4 quokkas
  3 ball pythons (D:1)
  2 bats
  4 frilled lizards
  6 rats
55 creatures vanquished.

Notes
Turn   | Place    | Note
-------+----------+-------------------------------------------
     0 | D:1      | pascalblue the Deep Elf Conjurer began the quest for the
                  | Orb.
     0 | D:1      | Reached XP level 1. HP: 10/10 MP: 6/6
   209 | D:1      | Reached XP level 2. HP: 15/15 MP: 6/8
   212 | D:1      | Learned a level 2 spell: Searing Ray
   456 | D:1      | Reached skill level 5 in Conjurations
   775 | D:1      | Reached XP level 3. HP: 19/19 MP: 6/10
  1890 | D:2      | Reached XP level 4. HP: 24/24 MP: 10/12
  1895 | D:2      | Identified the +6 rapier of Conflict {flame, rElec rPois
                  | SInv}
  2243 | D:3      | Slain by an iguana

Illustrated notes

Levels and vault maps discovered:
D:1:      dpeg_arrival_yet_another_circle, layout_loops_ring,
          hangedman_decor_growths, minmay_misc_feat_cross, minmay_curled_crystal
D:2:      layout_basic
D:3:      layout_basic

Skill      XL: |  1  2  3 |
---------------+----------+-----
Conjurations   | 5 |  5.7
Spellcasting   | 4 |  4.2
Dodging        | |  2.4
Stealth        | |  2.4

Action                     |  1- 3 |  4- 6 || total
---------------------------+-------+-------++-------
  Melee: Unarmed           |     1 |       ||     1
         Rapier            |       |     3 ||     3
   Cast: Magic Dart        |    93 |    14 ||   107
         Searing Ray       |       |     1 ||     1
 Armour: Robe              |    12 |     7 ||    19
  Dodge: Dodged            |    10 |     6 ||    16

Table legend: (Time is in decaauts)
 A = Elapsed time spent in this place.
 B = Non-inter-level travel time spent in this place.
 C = Inter-level travel time spent in this place.
 D = Time resting spent in this place.
 E = Time spent auto-exploring this place.
 F = Levels seen in this place.
 G = Mean time per level.
                   A        B        C        D        E       F      G
               +--------+--------+--------+--------+--------+-----+--------+
         Total |   2242 |   2211 |     31 |     48 |   1896 |   3 |  747.3 |
       Dungeon |   2242 |   2211 |     31 |     48 |   1896 |   3 |  747.3 |
               +--------+--------+--------+--------+--------+-----+--------+

Top non-repeatable levels by time:
     D:1: 1156 daAuts
     D:2: 1054 daAuts
     D:3: 30 daAuts
